 Dungeon Crawl Stone Soup version 0.27.1-4-g1640c2035a (webtiles) character file.

Game seed: 847501349138177576

668 H0rd4k the Charlatan (level 7, -12/52 HPs)
             Began as a Human Artificer on Nov 18, 2021.
             Mangled by a mummy (14 damage)
             ... in an ossuary.
             The game lasted 00:05:17 (3177 turns).

H0rd4k the Charlatan (Human Artificer)              Turns: 3177, Time: 00:05:18

Health: -12/52     AC:  8    Str: 13    XL:     7   Next: 88%
Magic:  7/7        EV: 11    Int:  8    God:
Gold:   114        SH:  0    Dex: 13    Spells: 6/6 levels left

rFire    x . .     SeeInvis .   c - +2 short sword (elec)
rCold    . . .     Faith    .   (no shield)
rNeg     + + +     Spirit   .   j - +3 ring mail of Blue Skies {Rampage rF- rN+++ Int-5}
rPois    .         Reflect  .   (no helmet)
rElec    .         Harm     .   (no cloak)
rCorr    .         Rampage  +   (no gloves)
Will     .....                  (no boots)
Stlth    +.........             (no amulet)
HPRegen  0.17/turn              (no ring)
MPRegen  0.10/turn              (no ring)

@: mighty, flying
A: no striking features
a: no special abilities


You were in an ossuary.
You visited 1 branch of the dungeon, and saw 5 of its levels.
You also visited: Ossuary.

You collected 114 gold pieces.

Inventory:

Hand Weapons
 c - a +2 short sword of electrocution (weapon)
 g - a +0 dagger of protection
Missiles
 k - 17 poisoned darts
Armour
 b - a +0 leather armour
 j - the +3 ring mail of Blue Skies (worn) {Rampage rF- rN+++ Int-5}
   (You found it on level 4 of the Dungeon)

   Int:       It affects your intelligence (-5).
   rF:        It makes you vulnerable to fire.
   rN:        It renders you almost immune to negative energy.
   Rampage:   It bestows one free step when moving towards enemies.
Jewellery
 i - an amulet of regeneration
Scrolls
 a - a scroll of teleportation {unknown}
 f - a scroll of fog {unknown}
Miscellaneous
 e - a piece from Xom's chessboard (15/15)


   Skills:
 + Level 3.1 Fighting
 + Level 4.2 Short Blades
 - Level 2.0 Armour
 + Level 3.8 Dodging
 - Level 1.0 Stealth
 + Level 5.2 Evocations


You had 6 spell levels left.
You didn't know any spells.
Your spell library was empty.

Dungeon Overview and Level Annotations

Branches:
Dungeon (5/15)             Temple (0/1) D:5         Ossuary (1/1)

Altars:
Okawaru
Trog


Message History

The hornet zombie hits you.
You closely miss the hornet zombie.
The hornet zombie is heavily damaged.
The hornet zombie hits you!
* * * LOW HITPOINT WARNING * * *
The hornet zombie hits you.
* * * LOW HITPOINT WARNING * * *
You barely miss the hornet zombie.
The hornet zombie is heavily damaged.
The hornet zombie barely misses you.
You hit the hornet zombie but do no damage.
Lightning courses through the hornet zombie!
The hornet zombie is severely damaged.
The hornet zombie hits you but does no damage.
It was a potion of might.
You feel very mighty all of a sudden. The hornet zombie hits you.
* * * LOW HITPOINT WARNING * * *
You puncture the hornet zombie!
Lightning courses through the hornet zombie!
You destroy the hornet zombie!
Your Short Blades skill increases to level 4!
You puncture the bullfrog zombie!
The bullfrog zombie is moderately damaged.
The bullfrog zombie misses you.
You barely miss the bullfrog zombie.
The bullfrog zombie is moderately damaged.
The bullfrog zombie barely misses you.
It was a potion of flight.
You feel very buoyant.
You fly up into the air.
The bullfrog zombie hits you but does no damage.
You puncture the mummy!
The mummy is heavily damaged.
You puncture the mummy!
The mummy is severely damaged.
You barely miss the mummy.
The mummy is severely damaged.
The mummy hits you!
You die...

#≈.#.≈.≈.#.#.#
#.≈Z#'#Z#'#'#+#
+≈≈.≈.≈≈≈.....+
#≈##+##'##'##.#
.'≈ #.#...#.+
≈# ###.∩.#.# .
#∩..#.+
#'#####.###
.......ZM@#
#'#####.###
#.'.# #.### #M'
#.# ..+ #'# #.#


You could see a mummy and a bullfrog zombie.

Vanquished Creatures
  A necrophage (D:5)
  A hornet zombie (Ossuary)
  An ogre (D:5)
  2 orcs (D:5)
  2 bullfrog zombies (Ossuary)
  2 centaur zombies (Ossuary)
  A hound (D:5)
  Natasha (twice) (D:4)
  6 mummies (Ossuary)
  2 howler monkey zombies (Ossuary)
  An adder (D:3)
  An ufetubus (D:5)
  A worm (D:4)
  A dart slug (D:5)
  4 ball pythons
  A bat (D:1)
  3 endoplasms
  2 giant cockroaches
  2 goblins
  2 hobgoblins (D:1)
  A kobold (D:1)
  2 rats (D:1)
41 creatures vanquished.

Vanquished Creatures (collateral kills)
  An orc priest (D:5)
  An orc wizard (D:5)
  A killer bee zombie (Ossuary)
  2 mummies (Ossuary)
  A gnoll (D:3)
  An adder (D:3)
  2 orcs (D:5)
  2 endoplasms (D:3)
  A goblin (D:3)
  A kobold (D:3)
13 creatures vanquished.

Vanquished Creatures (others)
  A wyvern zombie (Ossuary)
  Jessica (D:3)
  2 adders (D:5)
  A goblin (D:3)
  A hobgoblin (D:3)
  A plant (D:1)
  2 withered plants (Ossuary)
9 creatures vanquished.

Grand Total: 63 creatures vanquished

Notes
Turn   | Place    | Note
-------+----------+-------------------------------------------
     0 | D:1      | H0rd4k the Human Artificer began the quest for the Orb.
     0 | D:1      | Reached XP level 1. HP: 15/15 MP: 1/1
   253 | D:1      | Found a faded altar of an unknown god.
   429 | D:1      | Reached XP level 2. HP: 19/21 MP: 2/2
  1333 | D:3      | Noticed Jessica
  1346 | D:3      | Reached XP level 3. HP: 3/26 MP: 3/3
  1363 | D:3      | Your ally died
  1624 | D:3      | Found a bloodstained altar of Trog.
  2123 | D:4      | Found an iron altar of Okawaru.
  2165 | D:4      | Identified the +3 ring mail of Blue Skies {Rampage rF-
                  | rN+++ Int-5}
  2216 | D:4      | Reached skill level 1 in Short Blades
  2322 | D:4      | Noticed Natasha
  2332 | D:4      | Killed Natasha
  2333 | D:4      | Reached skill level 4 in Evocations
  2333 | D:4      | Reached XP level 4. HP: 16/32 MP: 4/4
  2389 | D:4      | Noticed Natasha
  2395 | D:4      | Killed Natasha
  2517 | D:4      | HP: 1/33 [iguana (3)]
  2714 | D:5      | Entered Level 5 of the Dungeon
  2728 | D:5      | Reached XP level 5. HP: 27/38 MP: 5/5
  2898 | D:5      | Found a staircase to the Ecumenical Temple.
  2902 | D:5      | Noticed an ogre
  2905 | D:5      | Reached XP level 6. HP: 23/44 MP: 6/6
  2910 | D:5      | Noticed a necrophage
  2933 | D:5      | Killed a necrophage
  2958 | D:5      | Killed an ogre
  2992 | D:5      | Found a sand-covered staircase.
  2997 | Ossuary  | Entered an ossuary
  3037 | Ossuary  | Reached XP level 7. HP: 37/51 MP: 7/7
  3083 | Ossuary  | Reached skill level 5 in Evocations
  3170 | Ossuary  | HP: 1/52 [hornet zombie (5)]
  3177 | Ossuary  | Mangled by a mummy

Illustrated notes

Levels and vault maps discovered:
D:1:      heliophobic_arrival_enchanted_forest, layout_loops_cross,
          shapermc_ecumenical_altar_mp_ritualfount
D:2:      layout_basic
D:3:      layout_loops_ring, amcnicky_altar_gilded, st_stairs_4, uniq_jessica
D:4:      layout_gridville, nicolae_dithmenos_through_a_glass_darkly,
          tso_metal_star, okawaru_gym_becter, uniq_natasha
D:5:      layout_rooms, minmay_temple_entry_sparse_star,
          nicolae_ossuary_entry_false_entrances, chequers_serial_rivers_room_b
Ossuary:  ossuary_zaba_flooded

Skill      XL: |  1  2  3  4  5  6  7 |
---------------+----------------------+-----
Short Blades   | 1 2 3 4 |  4.2
Dodging        | 2 3 |  3.8
Evocations     | 4 5 |  5.2
Fighting       | 2 3 |  3.1
Armour         | |  2.0
Stealth        | |  1.0

Action                   |  1- 3 |  4- 6 |  7- 9 || total
-------------------------+-------+-------+-------++-------
Melee: Dagger            |   134 |    71 |       ||   205
       Club              |    11 |       |       ||    11
       Short sword       |       |    26 |    60 ||    86
Evoke: Wand              |    11 |    18 |     1 ||    30
  Use: Potion            |       |       |     2 ||     2
 Stab: Sleeping          |     2 |       |       ||     2
       Distracted        |       |       |     1 ||     1
Armor: Leather armour    |    32 |       |       ||    32
       Ring mail         |    12 |    47 |    27 ||    86
Dodge: Dodged            |    80 |    61 |    33 ||   174
